 Dungeon Crawl Stone Soup version 0.30.1-11-g7821555f0a (webtiles) character file.

Game seed: 8234020746550703772

228126 brilapsti the Bewitcher (level 18, -5/84 (88) HPs)
             Began as a Spriggan Hexslinger on Jan 14, 2024.
             Was a High Priest of Hepliaklqana.
             Slain by a +3 flail of draining (6 damage)
             ... on level 3 of the Elven Halls.
             The game lasted 02:15:43 (35200 turns).

brilapsti the Bewitcher (Spriggan Hexslinger)      Turns: 35200, Time: 02:15:43

HP:   -5/84 (88)    AC:  9    Str:  6    XL:     18   Next: 69%
MP:   22/33         EV: 35    Int: 15    God:    Hepliaklqana [*****.]
Gold: 3174          SH:  0    Dex: 25    Spells: 23/37 levels left

rFire   + . .        b - +0 arbalest (drain) {crossbow}
rCold   . . .        (shield currently unavailable)
rNeg    + . .        S - +2 robe {rF+}
rPois   .            z - +2 hat {Will+}
rElec   .            A - +2 cloak of the Thief {*Fog Slay-2 SInv Stlth+}
rCorr   .            (gloves unavailable)
SInv    +            (boots unavailable)
Will    +++++        O - amulet of regeneration {@e2}
Stlth   ++++++       V - ring of positive energy
HPRegen 1.14/turn    I - ring "Weeh" {Will+ Dex+2 Slay+3}
MPRegen 0.23/turn

%: no passive effects
@: silenced (expiring), slowed, lightly drained, quick
A: reduced essence, very small, no large weapons, unfitting armour, see
invisible, speed 3
}: 1/15 runes: decaying
a: Renounce Religion


You were on level 3 of the Elven Halls.
You worshipped Hepliaklqana.
Hepliaklqana was extremely pleased with you.
You visited 7 branches of the dungeon, and saw 34 of its levels.
You also visited: Bailey.

You collected 3714 gold pieces.
You spent 540 gold pieces at shops.


Innate Abilities, Weirdness & Mutations

Your life essence is reduced to manifest your ancestor. (-10% HP)
You are very small and have problems with some larger weapons.
You are too small for most types of armour.
You have supernaturally acute eyesight. (SInv)
You cover ground extremely quickly. (Speed+++)


   Skills:
 + Level 12.2 Fighting
 - Level 18.0 Ranged Weapons
 + Level 16.0 Dodging
 + Level 13.1 Stealth
 * Level 10.1 Spellcasting
 * Level 19.8 Hexes
 + Level 11.7 Invocations


You had 23 spell levels left.
You knew the following spells:

 Your Spells              Type           Power      Damage    Failure   Level
a - Inner Flame           Hex/Fire       37%        N/A       1%          3
b - Enfeeble              Hex            30%        N/A       2%          7
p - Portal Projectile     Hex/Tloc       74%        N/A       1%          3
s - Slow                  Hex            100%       N/A       0%          1

Your spell library contained the following spells:

 Spells                   Type           Power      Damage    Failure   Level
 Confusing Touch          Hex            61%        N/A       0%          3
 Ensorcelled Hibernation  Hex/Ice        74%        N/A       1%          2
 Anguish                  Hex/Necr       18%        N/A       1%          4
 Cause Fear               Hex            30%        N/A       1%          4
 Apportation              Tloc           14%        N/A       10%         1
 Beastly Appendage        Tmut           14%        N/A       10%         1
 Kiss of Death            Conj/Necr      28%        2d7       10%         1
 Necrotise                Necr           28%        1d5       10%         1
 Sting                    Tmut/Pois      28%        1d4       10%         1
 Summon Small Mammal      Summ           28%        N/A       10%         1
 Cigotuvi's Dreadful Rot  Necr/Pois/Air  14%        N/A       14%         2
 Passwall                 Tmut/Erth      5%         N/A       14%         2
 Poisonous Vapours        Pois/Air       14%        N/A       14%         2
 Static Discharge         Conj/Air       14%        2-3/arc   14%         2
 Sublimation of Blood     Necr           7%         N/A       14%         2
 Wereblood                Tmut           7%         N/A       14%         2
 Gell's Gravitas          Tloc           7%         N/A       28%         3
 Ignite Poison            Fire/Tmut/Pois 7%         N/A       28%         3
 Spider Form              Tmut/Pois      7%         N/A       28%         3
 Stone Arrow              Conj/Erth      14%        3d7       28%         3
 Swiftness                Air            7%         N/A       28%         3
 Teleport Other           Tloc           7%         N/A       28%         3
 Vampiric Draining        Necr           7%         2d6       28%         3
 Airstrike                Air            3%         2d(1-17)  67%         4
 Animate Armour           Summ/Erth      14%        N/A       67%         4
 Animate Dead             Necr           7%         N/A       67%         4
 Dispel Undead            Necr           7%         3d8       67%         4
 Olgreb's Toxic Radiance  Pois           7%         N/A       67%         4
 Petrify                  Tmut/Erth      7%         N/A       67%         4
 Sticky Flame             Conj/Fire      7%         2d3       67%         4
 Summon Lightning Spire   Summ/Air       7%         N/A       67%         4
 Freezing Cloud           Conj/Ice/Air   3%         6-21      95%         5
 Irradiate                Conj/Tmut      3%         3d12      95%         5
 Dispersal                Tloc           3%         N/A       100%        6
 Haunt                    Necr/Summ      3%         N/A       100%        7
 Summon Hydra             Summ           3%         N/A       100%        7
 Infestation              Necr           3%         N/A       100%        8
 Lehudib's Crystal Spear  Conj/Erth      3%         10d3      100%        8

Inventory:

Hand Weapons
 a - a +1 arbalest of flaming {crossbow}
   (You acquired it on level 15 of the Dungeon)
 b - a +0 arbalest of draining (weapon) {crossbow}
   (You found it on level 15 of the Dungeon)
 U - a +0 arbalest {crossbow}
   (You took it off an orc warrior on level 8 of the Dungeon)
Armour
 z - a +2 hat of willpower (worn)
   (You found it in a bailey)
 A - the +2 cloak of the Thief (worn) {*Fog Slay-2 SInv Stlth+}
   (You found it in a bailey)

   *Fog:      It may release a thick cloud of smoke when the wearer is hurt.
   Slay:      It affects your accuracy & damage with ranged weapons and melee
   (-2).
   SInv:      It lets you see invisible.
   Stlth:     It makes you more stealthy.
 S - a +2 robe of fire resistance (worn)
   (You took it off an orc sorcerer on level 2 of the Orcish Mines)
Jewellery
 e - a +5 ring of evasion
   (You found it on level 5 of the Dungeon)
 t - a ring of resist corrosion
   (You found it on level 10 of the Dungeon)
 B - a ring of poison resistance
   (You found it on level 2 of the Lair of Beasts)
 I - the ring "Weeh" (right hand) {Will+ Dex+2 Slay+3}
   (You found it on level 1 of the Lair of Beasts)

   [ring of willpower]

   Dex:       It affects your dexterity (+2).
   Slay:      It affects your accuracy & damage with ranged weapons and melee
   (+3).
   Will:      It increases your willpower.
 M - a ring of flight
   (You found it on level 3 of the Lair of Beasts)
 O - an amulet of regeneration (around neck) {@e2}
   (You bought it in a shop on level 2 of the Orcish Mines)
 R - a ring of protection from cold
   (You found it on level 13 of the Dungeon)
 V - a ring of positive energy (left hand)
   (You took it off a naga mage on level 2 of the Snake Pit)
Wands
 r - a wand of charming (10)
   (You found it on level 2 of the Lair of Beasts)
 y - a wand of flame (64)
   (You took it off a kobold brigand on level 8 of the Dungeon)
 C - a wand of mindburst (10)
   (You found it on level 10 of the Dungeon)
 L - a wand of digging (8)
   (You found it on level 3 of the Lair of Beasts)
 P - a wand of polymorph (27)
   (You found it on level 13 of the Dungeon)
 T - a wand of iceblast (5)
   (You found it on level 2 of the Swamp)
Scrolls
 d - 4 scrolls of enchant weapon
 h - 4 scrolls of fog
 i - 17 scrolls of teleportation {@r4}
 k - 4 scrolls of fear
 m - 5 scrolls of magic mapping {!r}
 o - 6 scrolls of amnesia
 q - 6 scrolls of poison {!r}
 u - 8 scrolls of immolation {!r!r}
 w - a scroll of blinking {!r}
 H - 4 scrolls of vulnerability {!r!r}
 J - a scroll of summoning
 Q - a scroll of identify {@r1}
 Y - a scroll of enchant armour
Potions
 c - 4 potions of haste {@q3}
 f - 16 potions of curing {@q1}
 g - 3 potions of attraction {!q}
 j - 8 potions of mutation {!q}
 l - 10 potions of heal wounds {@q2}
 n - 4 potions of resistance
 p - 2 potions of cancellation
 s - 4 potions of magic
 v - 2 potions of flight
 x - 8 potions of might
 D - 4 potions of lignification {!q}
 E - 3 potions of invisibility
 F - 2 potions of brilliance
 N - 4 potions of berserk rage {!q}
 X - a potion of ambrosia
Miscellaneous
 K - a box of beasts
   (You found it on level 3 of the Lair of Beasts)
 W - a tin of tremorstones (2/2) {throwing}
   (You found it on level 2 of the Snake Pit)

Dungeon Overview and Level Annotations

Branches:
Dungeon (15/15) Zot: 26165  Temple (1/1) D:5 Zot: 5950    Lair (5/5) D:8 Zot: 25670
  Swamp (4/4) Lair:2 Zot: 21028   Snake (4/4) Lair:3 Zot: 20848   Slime (0/5) Lair:4
    Orc (2/2) D:12 Zot: 10522     Elf (3/3) Orc:2 Zot: 15902  Vaults (0/5) D:14
 Depths (0/4) D:15         Bailey (visited)

Altars:
Ashenzari
Cheibriados
Dithmenos
Elyvilon
Fedhas
Gozag
Hepliaklqana
Kikubaaqudgha
Makhleb
Nemelex Xobeh
Okawaru
Qazlal
Ru
Sif Muna
Trog
Uskayaw
Vehumet
Wu Jian
Xom
Yredelemnul
Zin
The Shining One
Lugonu

Shops:
D:12 (   Orc:2 *:=!   Elf:2 ?   Snake:2 (   Snake:3 [

Portals:
Abyss: Lair:5 Snake:1

Annotations:
D:13 1 runed translucent door
Lair:5 2 transporters, Luast's ghost, journeyman FoEE
Orc:2 3 runed translucent doors, groovy9's ghost, journeyman MiFi
Elf:2 3 runed translucent doors
Elf:3 1 exclusion

.....)+## #..)##
.......##
#.#..###############
........#
#...)...R...........
........#
##.....##......8..8.
........#
##.....##..........
........#
#......##...####'#
........#
#§§§§.(...###,,,,,
.......##
#§§§§...###,,,8,,,
......##
#@.#...##,,,,,,,,,
.....##
#(.○..##,,,,***,,,
###'##
#..○..#,,,***,***,
#.#
#☼○○.##,,**,,,,,**
#.#
#4...#,,,*,,,,,,,*
#.#
#R..##,,**,,,,,,,*
#.#
#E8e#,,,*,,,,⌠,,,,
#.#
#)3)#,8,**,,,,,,,*
#.#
#..○#,,,,*,,,,,,,*


You could see the friendly Agathoclea the knight (corroded), a deep elf
elementalist (fast, empowered, repels missiles), a sun demon (summoned,
distracted), a rust devil (summoned, ally target), a fire elemental (summoned)
and a +3 flail of draining.


Message History

The deep elf demonologist completely misses you.
Your life force feels restored. 😮 HP[-19]
You now have 88 max hp (+2).
You take 19 damage, and now have 48/88 hp.
MASSIVE DAMAGE!! (PAUSE) Fire: b) +0 arbalest (drain) {crossbow}
Press: ? - help, Q - select action, (/) - cycle Shift-Dir - straight line, f/p - deep elf demonologist
Aim: a deep elf demonologist, wielding a +0 dagger and wearing a +0 leather armour (silenced, almost dead, spells empowered, 67% to hit)
You shoot a bolt.
The bolt barely misses the deep elf demonologist.
The bolt closely misses the balrug.
The bolt hits the deep elf pyromancer but does no damage.
Agathoclea loses the glow of perfection.
The Tzitzimitl misses you. The Tzitzimitl bites you. You partially resist.
You feel drained.
The balrug hits Agathoclea with a +2 demon whip of venom!
Agathoclea is engulfed in flames!
Agathoclea resists.
The deep elf demonologist barely misses you.
The deep elf pyromancer mumbles some strange words.
Agathoclea closely misses the balrug.
Agathoclea barely misses the deep elf demonologist.
The Tzitzimitl completely misses you.
The Tzitzimitl bites you but does no damage.
A deep elf elementalist comes into view.
It is wielding a +0 long sword. 😮 HP[-2] MP[+1]
You now have 87 max hp (-1).
You take 2 damage, and now have 46/87 hp.
Fire: b) +0 arbalest (drain) {crossbow}
Press: ? - help, Q - select action, (/) - cycle Shift-Dir - straight line, f/p - deep elf demonologist
Aim: a deep elf demonologist, wielding a +0 dagger and wearing a +0 leather armour (silenced, almost dead, spells empowered, 67% to hit)
You shoot a bolt.
The bolt hits the deep elf demonologist!!!
You kill the deep elf demonologist!
The Tzitzimitl disappears in a puff of smoke!
The balrug disappears in a puff of smoke!
The deep elf pyromancer mumbles some strange words.
The deep elf pyromancer blinks!
The +3 flail of draining closely misses you.
Agathoclea hits the rust devil with a +0 broad axe of flaming!
Agathoclea completely misses the +3 flail of draining.
The rust devil hits Agathoclea!
The rust devil corrodes Agathoclea!
The deep elf elementalist moves out of view.
Your life force feels restored.
A deep elf master archer comes into view. 😮 HP[+2]
You now have 88 max hp (+1).
You regained 2 hp, and now have 48/88 hp.
The deep elf master archer moves out of view. 😮 HP[+1] Agathoclea hits the rust devil with a +0 broad axe of flaming!
The +3 flail of draining completely misses you. 😮 HP[+1]
The +3 flail of draining attacks as you move away!
The +3 flail of draining misses you. 😮 HP[+1] MP[+1]
The +3 flail of draining completely misses you. 😮 HP[+1]
The +3 flail of draining attacks as you move away!
The +3 flail of draining misses you. 😮 HP[+1]
The +3 flail of draining attacks as you move away!
The +3 flail of draining completely misses you.
The deep elf elementalist points at you and mumbles some strange words.
The +3 flail of draining hits you!!
* * * LOW HITPOINT WARNING * * *
You partially resist.
You feel drained.
* * * LOW HITPOINT WARNING * * *
😨 HP[-24]
You now have 86 max hp (-2).
You take 24 damage, and now have 29/86 hp.
MASSIVE DAMAGE!! (PAUSE) Unknown command.
The +3 flail of draining attacks as you move away!
The +3 flail of draining hits you!!
* * * LOW HITPOINT WARNING * * *
With a swish of your cloak, you release a cloud of fog.
You partially resist.
You feel drained.
* * * LOW HITPOINT WARNING * * *
The +3 flail of draining is engulfed in freezing vapours. 😱 HP[-23]
You now have 84 max hp (-2).
You take 23 damage, and now have 6/84 hp.
MASSIVE DAMAGE!! (PAUSE) Unknown command.
Unknown command.
Magic scrolls do not work when you're silenced!
You feel much better.
The deep elf elementalist casts a spell next to the +3 flail of draining.
The +3 flail of draining completely misses you.
The deep elf elementalist points at you and mumbles some strange words.
The fireball explodes!
The fireball engulfs the +3 flail of draining.
The +3 flail of draining resists.
The fireball engulfs you!! You resist.
* * * LOW HITPOINT WARNING * * *
The +3 flail of draining hits you.
You die...

Skill      XL: |  1  2  3  4  5  6  7  8  9 10 11 12 13 14 15 16 17 18 |
---------------+-------------------------------------------------------+-----
Stealth        | 2 3 4 5 7 8 10 11 13 | 13.1
Ranged Weapons | 3 4 6 8 9 11 13 15 16 17 18 | 18.0
Fighting       | 1 3 4 6 7 8 9 10 11 12 | 12.2
Dodging        | 3 5 7 8 11 13 14 15 16 | 16.0
Invocations    | 2 7 8 9 10 11 | 11.7
Hexes          | 9 10 14 16 17 18 19 | 19.8
Spellcasting   | 2 7 10 | 10.1

Action                     |  1- 3 |  4- 6 |  7- 9 | 10-12 | 13-15 | 16-18 || total
---------------------------+-------+-------+-------+-------+-------+-------++-------
   Fire: Sling             |   100 |   229 |   285 |       |       |       ||   614
         Shortbow          |       |       |   135 |   875 |  1183 |       ||  2193
         Arbalest          |       |       |       |       |   297 |  1283 ||  1580
   Cast: Slow              |     2 |     3 |       |       |       |     1 ||     6
         Inner Flame       |       |       |       |       |     1 |       ||     1
         Portal Projectile |       |       |       |       |     2 |     7 ||     9
 Invoke: Recall Ancestor   |       |       |     3 |    14 |    23 |    33 ||    73
         Ancestor Identity |       |       |     2 |       |       |       ||     2
         Ancestor Life: Kn |       |       |     1 |       |       |       ||     1
         Idealise          |       |       |       |       |     3 |    21 ||    24
         Transference      |       |       |       |       |       |     1 ||     1
    Use: Scroll            |       |     2 |    11 |     8 |    14 |     8 ||    43
         Potion            |       |     1 |       |     1 |       |     5 ||     7
 Armour: Robe              |     8 |     4 |     7 |     9 |       |    24 ||    52
         Troll leather arm |       |       |       |    10 |    23 |     4 ||    37
  Dodge: Dodged            |    31 |    56 |   147 |   322 |   344 |   482 ||  1382

Levels and vault maps discovered:
D:1:      minmay_arrival_open_corners, layout_loops_ring
D:2:      layout_loops_ring
D:3:      layout_basic, chequers_serial_rivers_large_b, uniq_robin
D:4:      layout_cave_pools, grunt_dithmenos_smoke, uniq_pikel
D:5:      layout_loops_ring, minmay_temple_entry_crystal_x
D:6:      layout_cave_pools, kennysheep_mini_moat, lightli_orcish_oven,
          uniq_sigmund
D:7:      layout_loops_corners, guppyfry_early_elven_hall
D:8:      layout_rooms, dpeg_lair_monsters, enter_bailey_3,
          chequers_serial_rivers_micro_b, blue_anna_alchemist
D:9:      layout_roguey [special_room_orc], uniq_grum, uniq_psyche
D:10:     nicolae_cairo_tiling, layout_basic, okawaru_humans, uniq_snorg,
          uniq_sonja
D:11:     layout_basic, uniq_urug, uniq_josephine
D:12:     layout_rooms, david_orc_5, serial_curves, eino_curves_02,
          eino_curves_02, serial_shops, shop
D:13:     layout_basic, chequers_serial_rivers_large_a, minmay_st_funbox,
          kennysheep_generic_room_2
D:14:     layout_roguey, erik_vaults_2, minmay_door_square
D:15:     gammafunk_enter_depths_forms, layout_small_grid, columned_hall_lemuel,
          elyvilon_altar_3
Temple:   hellmonk_temple_of_storms
Lair:1:   layout_small_grid
Lair:2:   layout_cave_pods, minmay_swamp_entry_worms
Lair:3:   layout_cellular_growth, guppyfry_snake_entry_garden
Lair:4:   layout_cave_shapes, nicolae_slime_entry_field_trip
Lair:5:   grunt_lair_end_beastmaster, layout_misc_corridors,
          gammafunk_ghost_abyssal_escape, kennysheep_rathole,
          serial_bayou_shore_a
Swamp:1:  layout_falls_marsh, nicolae_swamp_rocky_clearing, uniq_jorgrun,
          uniq_roxanne
Swamp:2:  layout_basic_swamp, nicolae_swamp_triple_paths
Swamp:3:  layout_falls_marsh, evilmike_swamp_ruin_house_4, swamp_pool4,
          st_shrine_of_shade
Swamp:4:  swamp, layout_basic_swamp, swamp_pool4, beargit_elvish_explorers
Snake:1:  layout_honeycomb, amcnicky_altar_lugonu_corruption,
          serial_bayou_shore_b, uniq_frances
Snake:2:  layout_gridlike, nrook_guardian_serpent_ordinary, minmay_shop_star
Snake:3:  layout_layer_cave, basic_altar, minmay_shop_grid_forest
Snake:4:  snake_pit, layout_layer_cave
Orc:1:    hellmonk_paralyzer, layout_caves
Orc:2:    hellmonk_orc_salted, layout_caves, ebering_ghost_rock_garden,
          nicolae_volcano_entry_lava_flow, nicolae_orc_stony_grotto
Elf:1:    layout_gridlike, evilmike_minifort, lemuel_upstairs_altar, uniq_azrael
Elf:2:    elven_hall_of_blades_hangedman_original
          [infiniplex_blade_entry_pillars], layout_geoelf_grid, serial_shops,
          nicolae_shop_tiny_statue_garden
Elf:3:    minmay_elf_hall_statues, layout_geoelf_diagonals

Notes
Turn   | Place    | Note
-------+----------+-------------------------------------------
     0 | D:1      | brilapsti the Spriggan Hexslinger began the quest for the
                  | Orb.
     0 | D:1      | Reached XP level 1. HP: 9/9 MP: 3/3
     0 | D:1      | magus.rc [v1.9.6]
    78 | D:1      | Reached skill level 1 in Stealth
   196 | D:1      | Reached skill level 2 in Stealth
   196 | D:1      | Reached XP level 2. HP: 14/14 MP: 5/5
   766 | D:2      | Reached skill level 3 in Stealth
   766 | D:2      | Reached XP level 3. HP: 17/17 MP: 6/6
   838 | D:2      | Reached skill level 3 in Ranged Weapons
  1514 | D:3      | Reached skill level 4 in Stealth
  1520 | D:3      | Reached XP level 4. HP: 21/21 MP: 7/7
  1530 | D:3      | Noticed Robin
  1536 | D:3      | Killed Robin
  1590 | D:3      | Reached skill level 5 in Stealth
  1618 | D:3      | Reached skill level 4 in Ranged Weapons
  1745 | D:3      | Reached XP level 5. HP: 18/25 MP: 8/8
  1777 | D:3      | Learned a level 3 spell: Portal Projectile
  2542 | D:3      | You pick up a book of Blood and begin reading...
  2542 | D:3      | You add the spells Sublimation of Blood, Wereblood and
                  | Summon Hydra to your library.
  2562 | D:3      | You add the spells Gell's Gravitas, Teleport Other and
                  | Dispersal to your library.
  2742 | D:4      | Noticed a phantom
  2830 | D:4      | Found a shadowy altar of Dithmenos.
  2906 | D:4      | Reached skill level 5 in Ranged Weapons
  2975 | D:4      | Noticed a water moccasin
  3036 | D:4      | Noticed a lemure
  3038 | D:4      | Noticed Pikel
  3041 | D:4      | Noticed a lemure
  3041 | D:4      | Noticed a lemure
  3060 | D:4      | Killed a water moccasin
  3061 | D:4      | Reached skill level 6 in Ranged Weapons
  3061 | D:4      | Reached XP level 6. HP: 20/29 MP: 9/9
  3506 | D:4      | Reached XP level 7. HP: 19/32 MP: 10/10
  3601 | D:4      | You add the spells Cigotuvi's Dreadful Rot, Ignite Poison
                  | and Freezing Cloud to your library.
  3793 | D:4      | Reached skill level 7 in Ranged Weapons
  3833 | D:4      | Found a shadowy altar of Dithmenos.
  4057 | D:4      | Killed Pikel
  4058 | D:4      | Reached skill level 8 in Ranged Weapons
  4058 | D:4      | Reached skill level 1 in Fighting
  4058 | D:4      | Reached skill level 3 in Dodging
  4058 | D:4      | Reached XP level 8. HP: 31/37 MP: 11/11
  4290 | D:5      | Entered Level 5 of the Dungeon
  4555 | D:5      | Reached skill level 6 in Stealth
  4609 | D:5      | Reached skill level 2 in Fighting
  4609 | D:5      | Reached skill level 4 in Dodging
  4661 | D:5      | Found a staircase to the Ecumenical Temple.
  4723 | Temple   | Entered the Ecumenical Temple
  4779 | Temple   | Became a worshipper of Hepliaklqana the Forgotten
  5124 | D:5      | You pick up a book of Debilitation and begin reading...
  5124 | D:5      | You add the spells Vampiric Draining and Confusing Touch to
                  | your library.
  5226 | D:5      | Reached skill level 9 in Ranged Weapons
  5336 | D:5      | Reached skill level 7 in Stealth
  5575 | D:6      | Reached skill level 5 in Dodging
  5656 | D:6      | Noticed Sigmund
  5742 | D:6      | You pick up a book of Changes and begin reading...
  5742 | D:6      | You add the spells Beastly Appendage and Spider Form to
                  | your library.
  5948 | D:6      | Killed Sigmund
  5949 | D:6      | Reached skill level 3 in Fighting
  5949 | D:6      | Reached XP level 9. HP: 43/44 MP: 12/12
  6143 | D:6      | Found a snail-covered altar of Cheibriados.
  6214 | D:6      | Reached * piety under Hepliaklqana
  6420 | D:7      | You pick up a book of Hexes and begin reading...
  6420 | D:7      | You add the spells Anguish and Enfeeble to your library.
  6427 | D:7      | Reached skill level 8 in Stealth
  6445 | D:7      | Reached skill level 10 in Ranged Weapons
  6445 | D:7      | Reached skill level 6 in Dodging
  6592 | D:7      | Noticed a deep elf pyromancer
  6599 | D:7      | Killed a deep elf pyromancer
  6794 | D:7      | Reached skill level 4 in Fighting
  6872 | D:7      | Reached skill level 7 in Dodging
  7213 | D:7      | Reached skill level 11 in Ranged Weapons
  7565 | D:8      | Found a flagged portal.
  7573 | Bailey   | Entered a bailey
  7573 | Bailey   | Reached ** piety under Hepliaklqana
  7574 | Bailey   | Remembered your ancestor Agathoclea as a knight
  7635 | Bailey   | Reached XP level 10. HP: 45/45 MP: 13/13
  7806 | Bailey   | Noticed a gargoyle
  7820 | Bailey   | Killed a gargoyle
  7866 | Bailey   | Found the +2 cloak of the Thief {*Fog Slay-2 SInv Stlth+}
  7884 | Bailey   | Reached skill level 8 in Dodging
  7900 | Bailey   | Identified the +5 ring mail of Valiance {rElec rPois rC+
                  | rCorr}
  7976 | Bailey   | Identified the +6 rapier of Laceration {pain, rF+}
  8036 | Bailey   | Reached skill level 5 in Fighting
  8209 | D:8      | Noticed a death yak
  8252 | D:8      | Killed a death yak
  8253 | D:8      | Reached skill level 12 in Ranged Weapons
  8588 | D:8      | You pick up a book of Death and begin reading...
  8588 | D:8      | You add the spells Animate Dead, Haunt and Infestation to
                  | your library.
  8608 | D:8      | Found a staircase to the Lair.
  8608 | D:8      | Noticed a death yak
  8611 | D:8      | Noticed a death yak
  8754 | D:8      | Killed a death yak
  8755 | D:8      | Reached skill level 6 in Fighting
  8769 | D:8      | Killed a death yak
  8770 | D:8      | Reached skill level 13 in Ranged Weapons
  8772 | D:8      | Reached XP level 11. HP: 40/50 MP: 14/14
  8997 | D:9      | Noticed Psyche
  9006 | D:9      | Killed Psyche
  9404 | D:9      | Reached skill level 14 in Ranged Weapons
  9506 | D:9      | Noticed Grum
  9526 | D:9      | Reached skill level 7 in Fighting
  9531 | D:9      | Killed Grum
  9955 | D:10     | Entered Level 10 of the Dungeon
  9955 | D:10     | Noticed Sonja
 10168 | D:10     | Found an iron altar of Okawaru.
 10177 | D:10     | magus.rc [v1.9.6]
 10227 | D:10     | Killed Sonja
 10476 | D:10     | You pick up a book of Storms and begin reading...
 10476 | D:10     | You add the spells Static Discharge, Airstrike and Summon
                  | Lightning Spire to your library.
 10520 | D:10     | You pick up a book of Armaments and begin reading...
 10520 | D:10     | You add the spells Stone Arrow, Animate Armour and
                  | Lehudib's Crystal Spear to your library.
 10555 | D:10     | Reached *** piety under Hepliaklqana
 10616 | D:10     | Noticed Snorg
 10631 | D:10     | Killed Snorg
 10632 | D:10     | Reached skill level 1 in Invocations
 10676 | D:10     | Reached skill level 15 in Ranged Weapons
 10935 | D:11     | You fall into a shaft and drop 1 floor!
 10981 | D:12     | Reached skill level 2 in Invocations
 11354 | D:11     | Reached XP level 12. HP: 57/57 MP: 13/15
 11463 | D:11     | Reached skill level 8 in Fighting
 11649 | D:11     | Noticed a two-headed ogre
 11660 | D:11     | Killed a two-headed ogre
 11661 | D:11     | Reached skill level 3 in Invocations
 11665 | D:11     | Noticed a boulder beetle
 11670 | D:11     | Noticed Urug
 11683 | D:11     | Killed a boulder beetle
 11692 | D:11     | Killed Urug
 11745 | D:11     | Noticed Josephine
 11778 | D:11     | HP: 3/50 [Josephine/ghostly fireball (29)]
 11875 | D:11     | Killed Josephine
 11876 | D:11     | Reached skill level 4 in Invocations
 11966 | Lair:1   | Entered Level 1 of the Lair of Beasts
 11967 | Lair:1   | magus.rc [v1.9.6]
 11967 | Lair:1   | magus.rc [v1.9.6]
 12002 | Lair:1   | Reached skill level 16 in Ranged Weapons
 12059 | Lair:1   | Reached skill level 5 in Invocations
 12107 | Lair:1   | Reached skill level 6 in Invocations
 12116 | Lair:1   | Identified the ring "Weeh" {Will+ Dex+2 Slay+3}
 12261 | Lair:1   | Reached skill level 7 in Invocations
 12350 | Lair:1   | Reached **** piety under Hepliaklqana
 12466 | Lair:1   | Noticed a boulder beetle
 12488 | Lair:1   | Killed a boulder beetle
 12489 | Lair:1   | Reached skill level 4 in Hexes
 12966 | Lair:2   | Reached skill level 5 in Hexes
 12968 | Lair:2   | Identified a potion of experience
 12973 | Lair:2   | Reached skill level 9 in Hexes
 12973 | Lair:2   | Reached XP level 13. HP: 61/61 MP: 19/19
 13082 | Lair:2   | Found a staircase to the Swamp.
 13219 | Lair:2   | Identified the staff of poison "Qoadauth" {rPois Str+3}
 13804 | Lair:3   | Reached ***** piety under Hepliaklqana
 13847 | Lair:3   | Found a staircase to the Snake Pit.
 13902 | Lair:3   | Reached skill level 10 in Hexes
 14041 | Lair:3   | Reached XP level 14. HP: 58/66 MP: 20/20
 14138 | Lair:3   | You add the spells Sting, Poisonous Vapours and Olgreb's
                  | Toxic Radiance to your library.
 14143 | Lair:3   | Learned a level 3 spell: Inner Flame
 14409 | Lair:3   | Reached skill level 9 in Dodging
 14623 | Lair:3   | Reached skill level 8 in Invocations
 14757 | Lair:4   | Found a staircase to the Slime Pits.
 14827 | Lair:4   | Reached skill level 11 in Hexes
 15229 | Lair:4   | Reached skill level 10 in Dodging
 15343 | Lair:4   | Identified the +0 broad axe "Hucotopeq" {freeze, rElec rN+
                  | Str-5 Stlth+}
 15350 | Lair:4   | You pick up a book of Burglary and begin reading...
 15350 | Lair:4   | You add the spells Passwall, Ensorcelled Hibernation and
                  | Swiftness to your library.
 15415 | Lair:5   | Entered Level 5 of the Lair of Beasts
 15462 | Lair:5   | Reached skill level 9 in Fighting
 15462 | Lair:5   | Reached skill level 12 in Hexes
 15463 | Lair:5   | Found a transporter.
 15804 | Lair:5   | HP: 16/67 [poisoned by a cane toad]
 15809 | Lair:5   | HP: 11/67 [poisoned by a cane toad]
 15815 | Lair:5   | HP: 11/67 [poisoned by a cane toad]
 16140 | Lair:5   | You add the spells Kiss of Death and Sticky Flame to your
                  | library.
 16140 | Lair:5   | Got the Tome of the Dragon and Evil
 16214 | Lair:5   | Found a transporter.
 16263 | Lair:5   | Reached skill level 13 in Hexes
 16414 | Lair:5   | Noticed Luast's ghost (journeyman FoEE)
 16430 | Lair:5   | Found a one-way gate to the infinite horrors of the Abyss.
 16603 | Lair:5   | Reached skill level 11 in Dodging
 16986 | Lair:5   | Identified the +6 spear "Vinteal" {heavy, Will+}
 17227 | D:12     | Identified the +7 quarterstaff of Qarpha {protect, Will+
                  | Dex+3}
 17333 | D:12     | Reached skill level 14 in Hexes
 17425 | D:12     | Found a staircase to the Orcish Mines.
 17476 | D:12     | Found Vewk's Weapon Emporium.
 17840 | D:12     | You pick up a book of Alchemy and begin reading...
 17840 | D:12     | You add the spells Petrify and Irradiate to your library.
 18011 | Orc:1    | Entered Level 1 of the Orcish Mines
 18179 | Orc:1    | Reached XP level 15. HP: 72/72 MP: 22/22
 18204 | Orc:1    | Reached ****** piety under Hepliaklqana
 18315 | Orc:1    | Reached skill level 12 in Dodging
 18319 | Orc:1    | Paralysed by a hornet for 1 turns
 18451 | Orc:1    | Reached skill level 10 in Fighting
 18491 | Orc:2    | Entered Level 2 of the Orcish Mines
 18493 | Orc:2    | magus.rc [v1.9.6]
 18628 | Orc:2    | Found a dark tunnel.
 18677 | Orc:2    | Found a runed translucent gate.
 18677 | Orc:2    | Found a runed translucent gate.
 18677 | Orc:2    | Found a runed translucent gate.
 18679 | Orc:2    | Noticed groovy9's ghost (journeyman MiFi)
 18812 | Orc:2    | Found a staircase to the Elven Halls.
 19211 | Orc:2    | Found Yfuickuh's Distillery.
 19660 | Orc:2    | Reached skill level 15 in Hexes
 19786 | Orc:2    | Found Etevvot's General Store.
 19788 | Orc:2    | Found Pouk's Book Shoppe.
 19815 | Orc:2    | Found Quded's Jewellery Shoppe.
 19842 | Orc:2    | Bought an amulet of regeneration for 540 gold pieces
 20035 | D:13     | Found a runed translucent door.
 20035 | D:13     | Found the +8 whip "Snakebite" {venom, curare, rPois}
 20310 | D:13     | You pick up a book of Death and begin reading...
 21400 | D:14     | You pick up a book of Touch and begin reading...
 21619 | D:14     | Reached skill level 9 in Invocations
 21619 | D:14     | magus.rc [v1.9.6]
 21675 | D:14     | Reached skill level 13 in Dodging
 21817 | D:14     | Found a gate to the Vaults.
 22004 | D:14     | Reached skill level 17 in Ranged Weapons
 22370 | D:14     | Reached skill level 16 in Hexes
 22378 | D:14     | Learned a level 7 spell: Enfeeble
 22582 | D:15     | Entered Level 15 of the Dungeon
 22796 | D:15     | Identified a scroll of acquirement
 22800 | D:15     | Acquired a +1 arbalest of flaming
 22827 | D:15     | Found a white marble altar of Elyvilon.
 22986 | D:15     | Reached XP level 16. HP: 77/77 MP: 23/23
 23206 | D:15     | Found a staircase to the Depths.
 23868 | Swamp:1  | Entered Level 1 of the Swamp
 24045 | Swamp:1  | You fall into a shaft and drop 1 floor!
 24402 | Swamp:2  | Reached skill level 18 in Ranged Weapons
 24919 | Swamp:3  | Identified the +0 robe "Guephep" {rPois}
 25083 | Swamp:3  | Reached skill level 17 in Hexes
 25087 | Swamp:3  | Reached skill level 11 in Fighting
 25147 | Swamp:3  | Reached skill level 9 in Stealth
 25228 | Swamp:3  | Reached skill level 14 in Dodging
 25564 | Swamp:4  | Entered Level 4 of the Swamp
 25698 | Snake:1  | Entered Level 1 of the Snake Pit
 25868 | Snake:1  | Reached skill level 10 in Invocations
 26013 | Snake:1  | Noticed Frances
 26023 | Snake:1  | Killed Frances
 26115 | Snake:1  | Found a corrupted altar of Lugonu.
 27000 | Snake:2  | Found Fueciub's Antique Weapon Boutique.
 27118 | Snake:2  | Reached skill level 2 in Spellcasting
 27252 | Snake:2  | Reached skill level 10 in Stealth
 27252 | Snake:2  | Reached XP level 17. HP: 78/81 MP: 25/25
 27424 | Snake:2  | Reached skill level 3 in Spellcasting
 28023 | Snake:3  | Found a bloodstained altar of Trog.
 28205 | Snake:3  | Reached skill level 4 in Spellcasting
 28213 | Snake:3  | Reached skill level 18 in Hexes
 28634 | Snake:3  | Found Xafaudghu's Antique Armour Shoppe.
 29158 | Snake:4  | Entered Level 4 of the Snake Pit
 29275 | Snake:4  | Reached skill level 5 in Spellcasting
 29771 | Snake:4  | Reached skill level 11 in Stealth
 30660 | Swamp:4  | You pick up a book of Cantrips and begin reading...
 30660 | Swamp:4  | You add the spells Necrotise, Summon Small Mammal and
                  | Apportation to your library.
 30678 | Swamp:4  | Reached skill level 6 in Spellcasting
 30793 | Swamp:4  | Reached skill level 15 in Dodging
 30869 | Swamp:4  | HP: 10/81 [spriggan rider/+0 spear (13)]
 31068 | Swamp:4  | You pick up a book of Dreams and begin reading...
 31511 | Swamp:4  | Reached skill level 11 in Invocations
 31548 | Swamp:4  | Got a decaying rune of Zot
 31598 | Swamp:4  | Noticed the 27-headed Lernaean hydra
 31629 | Swamp:4  | Killed the 26-headed Lernaean hydra
 31630 | Swamp:4  | Reached skill level 7 in Spellcasting
 32478 | Elf:1    | Entered Level 1 of the Elven Halls
 32550 | Elf:1    | Reached XP level 18. HP: 88/88 MP: 30/30
 32598 | Elf:1    | Reached skill level 12 in Stealth
 32598 | Elf:1    | Reached skill level 19 in Hexes
 32698 | Elf:1    | Reached skill level 8 in Spellcasting
 32747 | Elf:1    | Noticed Azrael
 32769 | Elf:1    | Killed Azrael
 33066 | Elf:1    | Paralysed by an air elemental for 1 turns
 33070 | Elf:1    | Paralysed by an air elemental for 1 turns
 33605 | Elf:1    | Found a radiant altar of Vehumet.
 33652 | Elf:2    | Reached skill level 9 in Spellcasting
 33654 | Elf:2    | Reached skill level 12 in Fighting
 33814 | Elf:2    | Found Wenniusoi's Magic Scroll Boutique.
 33884 | Elf:2    | Found a runed translucent gate.
 33884 | Elf:2    | Found a runed translucent gate.
 33891 | Elf:2    | Found a runed translucent gate.
 34151 | Elf:3    | Entered Level 3 of the Elven Halls
 34818 | Elf:3    | Reached skill level 13 in Stealth
 34825 | Elf:3    | HP: 13/88 [deep elf sorcerer/damnation (35)]
 35181 | Elf:3    | Reached skill level 10 in Spellcasting
 35184 | Elf:3    | Reached skill level 16 in Dodging
 35184 | Elf:3    | Noticed a Tzitzimitl
 35199 | Elf:3    | HP: 8/86 [+3 flail of draining (21)]
 35200 | Elf:3    | HP: 1/84 [deep elf elementalist/fireball (20)]
 35200 | Elf:3    | Slain by a +3 flail of draining

Vanquished Creatures
  the Lernaean hydra (Swamp:4)
  Frances (Snake:1)
  A thorn hunter (Swamp:4)
  A nagaraja (Snake:2)
  A fenstrider witch (Swamp:4)
  An orc warlord (Orc:2)
  2 deep elf sorcerers (Elf:3)
  A ghoul (Swamp:3)
  A deep elf demonologist (Elf:3)
  A deep elf annihilator (Elf:3)
  3 eleionomae
  2 dire elephants
  2 bunyips (Swamp:3)
  A deep elf death mage (Elf:3)
  Snorg (D:10)
  7 vault guards
  6 anacondas
  An ogre mage (Orc:1)
  2 ghost crabs (Swamp:3)
  20 hydras
  A catoblepas (Lair:5)
  2 centaur warriors
  4 two-headed ogres
  11 dancing weapons
  6 boulder beetles
  3 alligators
  A tengu warrior (D:13)
  A deep troll shaman (Lair:5)
  12 death yaks
  7 deep elf knights
  Urug (D:11)
  4 naga sharpshooters
  6 naga warriors
  3 shock serpents
  7 spriggans
  5 skeletal warriors (D:13)
  6 goliath frogs
  A swamp dragon (shapeshifter) (D:15)
  2 spriggan druids
  7 swamp dragons
  Pikel (D:4)
  A bog body (Swamp:3)
  6 deep elf archers
  4 naga ritualists
  10 deep elf zephyrmancers
  5 orc knights
  9 ugly things
  16 deep elf pyromancers
  3 orc sorcerers (Orc:2)
  7 salamanders
  A will-o-the-wisp (Swamp:2)
  7 cyclopes
  6 mana vipers
  A manticore (D:13)
  2 elephants (Lair:5)
  3 guardian serpents
  2 torpor snails
  5 naga magi
  24 black mambas
  Psyche (D:9)
  9 cane toads
  A gargoyle (Bailey)
  2 unseen horrors
  A rime drake (Lair:5)
  A tengu conjurer (D:14)
  A freezing wraith (D:15)
  4 komodo dragons
  6 trolls
  4 tyrant leeches
  3 polar bears
  4 blink frogs (Lair:5)
  8 hornets
  3 saltlings (Orc:2)
  A raiju (Swamp:4)
  A tarantella (shapeshifter) (Elf:3)
  9 slime creatures
  Sigmund (D:6)
  4 air elementals
  A shadow (D:9)
  3 fire elementals
  A hog (shapeshifter) (Elf:1)
  3 water elementals
  2 wyverns
  A jumping spider (shapeshifter) (Elf:1)
  A vampire (D:13)
  6 wraiths
  36 yaks
  3 basilisks
  6 vampire mosquitoes
  2 humans (D:10)
  Grum (D:9)
  A steam dragon (D:10)
  2 wargs (Orc:2)
  22 nagas
  22 swamp worms
  An acid dragon (D:8)
  2 hell hounds (Elf:1)
  A floating eye (Orc:1)
  10 water moccasins
  4 ice beasts
  A sky beast (D:7)
  6 swamp drakes
  23 orc warriors
  4 ogres
  3 boggarts (D:14)
  9 wolves
  6 centaurs
  2 lemures (D:4)
  2 phantoms
  A kobold brigand (D:8)
  2 necrophages (Swamp:3)
  10 bullfrogs
  5 scorpions
  2 earth elementals
  2 gnoll sergeants
  7 wights
  13 killer bees
  5 howler monkeys
  6 vampire bats (Bailey)
  5 wolf zombies (Bailey)
  3 electric eels
  8 jellies
  13 orc priests
  3 hounds
  2 sleepcaps
  7 hell rats (Lair:5)
  4 iguanas
  13 orc wizards
  Robin (D:3)
  11 gnolls
  7 adders
  9 river rats (Lair:5)
  2 shadow imps (D:5)
  2 white imps
  3 worms (D:4)
  A dart slug (D:1)
  75 orcs
  3 endoplasms
  2 giant cockroaches (D:1)
  21 goblins
  7 hobgoblins
  4 jackals (D:4)
  5 quokkas
  8 ball pythons
  6 bats
  5 frilled lizards
  3 kobolds
  15 orc zombies (Bailey)
  6 rats
  2 lurking horrors (Snake:1)
819 creatures vanquished.

Vanquished Creatures (collateral kills)
  2 deep elf elementalists (Elf:3)
  A deep elf demonologist (Elf:3)
  4 bunyips
  Azrael (Elf:1)
  A dire elephant (Swamp:4)
  A deep elf annihilator (Elf:3)
  3 deep elf death magi
  Josephine (D:11)
  A vault guard (D:14)
  A great orb of eyes (D:15)
  5 hydras
  A salamander tyrant (Snake:2)
  A rakshasa (D:15)
  An ogre mage (Orc:1)
  2 anacondas
  3 dancing weapons
  4 death yaks
  A naga warrior (Snake:4)
  5 alligators
  An orc high priest (Orc:1)
  Sonja (D:10)
  4 deep elf knights
  A spriggan druid (Swamp:2)
  A goliath frog (Swamp:1)
  2 swamp dragons
  4 orc sorcerers
  2 deep elf pyromancers
  6 deep elf zephyrmancers
  A mana viper (Snake:3)
  3 orc knights (Orc:2)
  8 deep elf archers
  2 cyclopes
  4 ugly things
  A will-o-the-wisp (Swamp:4)
  2 guardian serpents
  6 black mambas
  4 salamanders
  2 slime creatures
  3 naga magi
  A torpor snail (Lair:4)
  4 cane toads
  A komodo dragon (Lair:1)
  A tengu conjurer (D:14)
  A troll (D:10)
  A bloated husk (Swamp:3)
  5 hornets
  4 tyrant leeches
  2 saltlings (Orc:2)
  A hornet (shapeshifter) (Elf:1)
  A blink frog (Lair:5)
  A vampire (Bailey)
  2 spriggans (Swamp:2)
  A shadow (D:9)
  A wraith (D:11)
  A water elemental (Elf:2)
  A wyvern (Lair:5)
  3 fire elementals
  14 yaks
  4 vampire mosquitoes
  3 swamp worms
  A naga (Snake:4)
  A warg (D:15)
  2 water moccasins
  An acid dragon (D:11)
  A hell hound (Elf:1)
  8 orc warriors
  A swamp drake (Swamp:4)
  An ice beast (D:7)
  2 wolves (D:9)
  A boggart (D:14)
  A centaur (D:7)
  2 earth elementals
  2 killer bees
  A vampire bat (Bailey)
  4 wolf zombies (Bailey)
  3 orc priests
  2 orc wizards
  2 hell rats (Lair:5)
  7 orc zombies (Bailey)
  2 river rats (Lair:5)
  10 orcs
205 creatures vanquished.

Vanquished Creatures (others)
  2 bloated husks (Swamp:2)
  20 knights
  An ancestor (D:8)
  3 foxfires
26 creatures vanquished.

Grand Total: 1050 creatures vanquished

Table legend:
 A = Non-vault XP
 B = Vault XP
 C = Vault XP percentage of total XP
 D = Non-vault monster count
 E = Vault monster count
 F = Vault count percentage of total count
                 A         B        C        D         E       F
            +---------+---------+-------+---------+---------+-------
      Total |  226833 |   99108 |  30.4 |     719 |     302 |  29.6
            +---------+---------+-------+---------+---------+-------
        D:1 |      40 |       0 |   0.0 |      23 |       0 |   0.0
        D:2 |      42 |       0 |   0.0 |      12 |       0 |   0.0
        D:3 |     139 |      36 |  20.6 |      20 |      11 |  35.5
        D:4 |     592 |     685 |  53.6 |      34 |       1 |   2.9
        D:5 |     767 |       0 |   0.0 |      19 |       0 |   0.0
        D:6 |     529 |     241 |  31.3 |       8 |       6 |  42.9
        D:7 |    1486 |     625 |  29.6 |      19 |       1 |   5.0
        D:8 |    1389 |    3136 |  69.3 |      20 |      11 |  35.5
        D:9 |    2267 |    2179 |  49.0 |      14 |      33 |  70.2
       D:10 |    2284 |    2114 |  48.1 |      17 |       4 |  19.0
       D:11 |    3151 |    2566 |  44.9 |       8 |       6 |  42.9
       D:12 |    6582 |     362 |   5.2 |      19 |      21 |  52.5
       D:13 |   12881 |    1029 |   7.4 |      24 |       2 |   7.7
       D:14 |    5768 |    6058 |  51.2 |      15 |       7 |  31.8
       D:15 |    5264 |    5795 |  52.4 |      19 |       9 |  32.1
     Lair:1 |    6308 |       0 |   0.0 |      24 |       0 |   0.0
     Lair:2 |    2779 |     638 |  18.7 |      11 |       4 |  26.7
     Lair:3 |    4982 |     480 |   8.8 |      15 |       3 |  16.7
     Lair:4 |    8709 |     214 |   2.4 |      21 |       5 |  19.2
     Lair:5 |   12820 |    7769 |  37.7 |      43 |      27 |  38.6
    Swamp:1 |    3532 |       0 |   0.0 |       9 |       0 |   0.0
    Swamp:2 |   13628 |       0 |   0.0 |      28 |       0 |   0.0
    Swamp:3 |   15515 |    3670 |  19.1 |      28 |       6 |  17.6
    Swamp:4 |   13804 |   21801 |  61.2 |      28 |      30 |  51.7
    Snake:1 |    6059 |    1505 |  19.9 |      13 |       1 |   7.1
    Snake:2 |   18248 |     888 |   4.6 |      35 |       2 |   5.4
    Snake:3 |   16400 |       0 |   0.0 |      31 |       0 |   0.0
    Snake:4 |   10631 |       0 |   0.0 |      21 |       0 |   0.0
      Orc:1 |    3350 |    4166 |  55.4 |      38 |      10 |  20.8
      Orc:2 |    3733 |   11263 |  75.1 |      29 |      32 |  52.5
      Elf:1 |   14997 |    8725 |  36.8 |      26 |      19 |  42.2
      Elf:2 |   18908 |     818 |   4.1 |      34 |       1 |   2.9
      Elf:3 |    9249 |   10714 |  53.7 |      14 |      10 |  41.7
     Bailey |       0 |    1631 | 100.0 |       0 |      40 | 100.0
            +---------+---------+-------+---------+---------+-------

Skill      XL: |  1  2  3  4  5  6  7  8  9 10 11 12 13 14 15 16 17 18 |
---------------+-------------------------------------------------------+-----
Stealth        | 2 3 4 5 7 8 10 11 13 | 13.1
Ranged Weapons | 3 4 6 8 9 11 13 15 16 17 18 | 18.0
Fighting       | 1 3 4 6 7 8 9 10 11 12 | 12.2
Dodging        | 3 5 7 8 11 13 14 15 16 | 16.0
Invocations    | 2 7 8 9 10 11 | 11.7
Hexes          | 9 10 14 16 17 18 19 | 19.8
Spellcasting   | 2 7 10 | 10.1

Action                     |  1- 3 |  4- 6 |  7- 9 | 10-12 | 13-15 | 16-18 || total
---------------------------+-------+-------+-------+-------+-------+-------++-------
   Fire: Sling             |   100 |   229 |   285 |       |       |       ||   614
         Shortbow          |       |       |   135 |   875 |  1183 |       ||  2193
         Arbalest          |       |       |       |       |   297 |  1283 ||  1580
   Cast: Slow              |     2 |     3 |       |       |       |     1 ||     6
         Inner Flame       |       |       |       |       |     1 |       ||     1
         Portal Projectile |       |       |       |       |     2 |     7 ||     9
 Invoke: Recall Ancestor   |       |       |     3 |    14 |    23 |    33 ||    73
         Ancestor Identity |       |       |     2 |       |       |       ||     2
         Ancestor Life: Kn |       |       |     1 |       |       |       ||     1
         Idealise          |       |       |       |       |     3 |    21 ||    24
         Transference      |       |       |       |       |       |     1 ||     1
    Use: Scroll            |       |     2 |    11 |     8 |    14 |     8 ||    43
         Potion            |       |     1 |       |     1 |       |     5 ||     7
 Armour: Robe              |     8 |     4 |     7 |     9 |       |    24 ||    52
         Troll leather arm |       |       |       |    10 |    23 |     4 ||    37
  Dodge: Dodged            |    31 |    56 |   147 |   322 |   344 |   482 ||  1382

Illustrated notes

Table legend:
 A = Kills in this place as a percentage of kills in the entire game.
 B = Kills by you in this place as a percentage of kills by you in the entire game.
 C = Kills by friends in this place as a percentage of kills by friends in the entire game.
 D = Other kills in this place as a percentage of other kills in the entire game.
 E = Experience gained in this place as a percentage of experience gained in the entire game.
 F = Experience gained in this place divided by the number of levels of this place that you have seen.
                   A       B       C       D       E      F
               +-------+-------+-------+-------+-------+----------------------
         Total | 100.0 | 100.0 | 100.0 | 100.0 | 100.0 | 9312.6
       Dungeon |  37.5 |  41.2 |  22.9 |   0.0 |  20.9 | 4533.8
          Lair |  15.0 |  15.2 |  14.1 |   0.0 |  13.7 | 8939.8
         Swamp |  12.6 |  11.8 |  15.6 | 100.0 |  22.1 | 17987.5
     Snake Pit |  10.1 |  10.3 |   9.3 |   0.0 |  16.5 | 13432.8
  Orcish Mines |  10.7 |   9.9 |  13.7 |   0.0 |   6.9 | 11256.0
   Elven Halls |  10.2 |   8.2 |  18.0 |   0.0 |  19.5 | 21137.0
        Bailey |   3.9 |   3.3 |   6.3 |   0.0 |   0.5 | 1631.0
               +-------+-------+-------+-------+-------+----------------------

Table legend: (Time is in decaauts)
 A = Elapsed time spent in this place.
 B = Non-inter-level travel time spent in this place.
 C = Inter-level travel time spent in this place.
 D = Time resting spent in this place.
 E = Time spent auto-exploring this place.
 F = Levels seen in this place.
 G = Mean time per level.
                   A        B        C        D        E       F      G
               +--------+--------+--------+--------+--------+-----+--------+
         Total |  25308 |  23929 |   1379 |   2574 |  14185 |  35 |  723.1 |
       Dungeon |  11519 |  10868 |    651 |   1247 |   6470 |  15 |  767.9 |
        Temple |     49 |     27 |     22 |      0 |     16 |   1 |   49.0 |
          Lair |   3595 |   3354 |    241 |    235 |   2083 |   5 |  719.0 |
         Swamp |   2972 |   2831 |    141 |    296 |   1582 |   4 |  743.0 |
     Snake Pit |   3151 |   3041 |    110 |    281 |   2098 |   4 |  787.8 |
  Orcish Mines |   1477 |   1300 |    177 |     93 |    679 |   2 |  738.5 |
   Elven Halls |   2096 |   2061 |     35 |    354 |   1089 |   3 |  698.7 |
        Bailey |    447 |    447 |      0 |     66 |    164 |   1 |  447.0 |
               +--------+--------+--------+--------+--------+-----+--------+

Top non-repeatable levels by time:
 Swamp:4: 1367 daAuts
     D:4: 1091 daAuts
     D:3: 1070 daAuts
    D:14: 975 daAuts
    D:13: 975 daAuts
   Orc:2: 959 daAuts
  Lair:5: 944 daAuts
     D:9: 914 daAuts
 Snake:3: 866 daAuts
     D:5: 864 daAuts
     D:7: 837 daAuts
   Elf:1: 834 daAuts
   Elf:3: 825 daAuts
 Snake:1: 818 daAuts
 Swamp:3: 807 daAuts
